 Dungeon Crawl Stone Soup version 0.31.0-11-ge490571c62 (webtiles) character file.

Game seed: 5278964788975852949

375 Danswan24 the Conjurer (level 6, 0/32 HPs)
             Began as a Deep Elf Hedge Wizard on Feb 6, 2024.
             Slain by an ufetubus (5 damage)
             ... on level 5 of the Dungeon.
             The game lasted 00:17:45 (5771 turns).

Danswan24 the Conjurer (Deep Elf Hedge Wizard)      Turns: 5771, Time: 00:17:45

Health: 0/32       AC:  2    Str:  7    XL:     6   Next: 44%
Magic:  6/14       EV: 12    Int: 21    God:
Gold:   158        SH:  0    Dex: 14    Spells: 4/13 levels left

rFire   . . .        a - +0 dagger
rCold   . . .        (no shield)
rNeg    . . .        b - +0 robe
rPois   .            c - +0 hat
rElec   .            (no cloak)
rCorr   .            (no gloves)
SInv    .            (no boots)
Will    .....        (no amulet)
Stlth   ++           (no ring)
HPRegen 0.25/turn    (no ring)
MPRegen 0.14/turn

%: no passive effects
@: no status effects
A: no striking features
a: no special abilities


You were on level 5 of the Dungeon.
You visited 2 branches of the dungeon, and saw 6 of its levels.

You collected 268 gold pieces.
You spent 110 gold pieces at shops.

Inventory:

Hand Weapons
 a - a +0 dagger (weapon)
Armour
 b - a +0 robe (worn)
 c - a +0 hat (worn)
Jewellery
 l - an amulet of magic regeneration
Scrolls
 e - 5 scrolls of identify
 h - a scroll of immolation {unknown}
 j - a scroll of brand weapon {unknown}
 k - a scroll of enchant armour {unknown}
 m - a scroll of amnesia
 n - 2 scrolls of teleportation
 p - a scroll of blinking {unknown}
 q - a scroll of fear {unknown}
Potions
 d - a potion of magic
 f - 2 potions of haste
 g - a potion of attraction
 i - 4 potions of heal wounds
 o - a potion of lignification {unknown}
 r - a potion of curing {unknown}


   Skills:
 - Level 2.4 Dodging
 - Level 2.4 Stealth
 - Level 4.4 Spellcasting
 + Level 4.7 Conjurations
 - Level 1.1 Summonings
 - Level 1.1 Translocations
 + Level 3.2 Air Magic
 + Level 3.5 Alchemy


You had 4 spell levels left.
You knew the following spells:

 Your Spells              Type           Power      Damage    Failure   Level
a - Magic Dart            Conj           96%        1d7       1%          1
b - Blink                 Tloc           18%        N/A       11%         2
c - Mephitic Cloud        Conj/Alch/Air  20%        N/A       7%          3
d - Call Imp              Summ           18%        N/A       11%         2
e - Slow                  Hex            16%        N/A       12%         1

Your spell library contained the following spells:

 Spells                   Type           Power      Damage    Failure   Level
 Mercury Vapours          Alch/Air       36%        N/A       4%          2
 Momentum Strike          Conj/Tloc      34%        3d8       5%          2
 Cigotuvi's Dreadful Rot  Necr/Alch/Air  28%        N/A       7%          2
 Lesser Beckoning         Tloc           18%        N/A       11%         2
 Sublimation of Blood     Necr           4%         N/A       17%         2
 Freezing Cloud           Conj/Ice/Air   7%         6-21      71%         5
 Summon Hydra             Summ           4%         N/A       100%        7


Dungeon Overview and Level Annotations

Branches:
Dungeon (5/15)             Temple (1/1) D:4

Altars:
Ashenzari
Cheibriados
Elyvilon
Fedhas
Gozag
Hepliaklqana
Kikubaaqudgha
Makhleb
Nemelex Xobeh
Qazlal
Ru
Trog
Vehumet
Xom
Yredelemnul
Zin
The Shining One

Shops:
D:4 ?

Annotations:
D:5 Edmund


Message History

A tiny devil pulls itself out of the air.
The ufetubus hits you.
The ufetubus hits you but does no damage.
You swap places.
The iguana hisses angrily.
The ufetubus barely misses your cerulean imp.
The ufetubus misses your cerulean imp. The ufetubus hits your cerulean imp.
The ufetubus barely misses your cerulean imp.
Your cerulean imp hits the ufetubus with a -4 spear.
The ufetubus completely misses your cerulean imp.
The ufetubus hits your cerulean imp.
Your cerulean imp barely misses the ufetubus.
Something hits your cerulean imp. x2
Something hits your cerulean imp but does no damage.
Something hits your cerulean imp.
Your cerulean imp dies!
Your cerulean imp disappears in a puff of smoke!
The ufetubus hits you. The ufetubus barely misses you.
The ufetubus attacks as it pursues you! The ufetubus barely misses you.
The ufetubus hits you.
Casting: Call Imp (safe; 11% risk of failure)
Confirm with . or Enter, or press ? or * to list all spells.
A tiny devil pulls itself out of the air.
The ufetubus hits you. The ufetubus misses you.
The ufetubus closely misses you. The ufetubus hits you.
Casting: Call Imp (safe; 11% risk of failure)
Confirm with . or Enter, or press ? or * to list all spells.
Aiming: Mephitic Cloud (quite dangerous; 7% risk of failure)
Press: ? - help, Shift-Dir - straight line, p - ufetubus
Okay, then.
Unknown command.
Your cerulean imp closely misses the ufetubus.
The ufetubus slips past you! The ufetubus hits you.
* * * LOW HITPOINT WARNING * * *
The ufetubus hits you.
* * * LOW HITPOINT WARNING * * *
The ufetubus hits you.
* * * LOW HITPOINT WARNING * * *
The ufetubus hits you.
You die...

...........######.......### #....
.............ยง.)...###....###....
..#.........#####..# ##....#.....
.###.......## #..## ##......... ##
##......# ##..#####...#....
##...l## #.........##...# ##...#
##........##...# #...#
###.....##...#...#
##..######@.....####..##..#
##...l....5.....# ##.. ..#
#......5........# #....#
#####...............# #..
............####....# ..
#####.....### ###..# ###..## .##
##.# ## ###


You could see an iguana, an ufetubus (ally target) and a friendly cerulean imp
(summoned).

Vanquished Creatures
  An ogre (D:5)
  A scorpion (D:5)
  A howler monkey (D:4)
  A hound (D:4)
  An orc wizard (D:5)
  Ijyb (D:4)
  2 adders
  An ufetubus (D:5)
  2 ribbon worms
  A dart slug (D:1)
  4 orcs (D:5)
  3 ball pythons
  8 bats
  8 endoplasms
  3 giant cockroaches
  10 goblins
  8 hobgoblins
  6 jackals
  2 quokkas
  7 frilled lizards
  4 kobolds
  5 rats
80 creatures vanquished.

Notes
Turn   | Place    | Note
-------+----------+-------------------------------------------
     0 | D:1      | Danswan24 the Deep Elf Hedge Wizard began the quest for the
                  | Orb.
     0 | D:1      | Reached XP level 1. HP: 10/10 MP: 7/7
   331 | D:1      | Reached XP level 2. HP: 15/15 MP: 7/9
   401 | D:1      | Learned a level 2 spell: Blink
  1230 | D:2      | Reached XP level 3. HP: 19/19 MP: 7/10
  1234 | D:2      | Learned a level 3 spell: Mephitic Cloud
  1237 | D:2      | Learned a level 2 spell: Call Imp
  1239 | D:2      | Learned a level 1 spell: Slow
  2270 | D:3      | Reached skill level 1 in Air Magic
  2270 | D:3      | Reached skill level 1 in Alchemy
  3190 | D:2      | Reached XP level 4. HP: 24/24 MP: 9/12
  3637 | D:4      | Found Minil's Magic Scroll Emporium.
  3641 | D:4      | Bought a scroll of identify for 20 gold pieces
  3641 | D:4      | Bought a scroll of amnesia for 40 gold pieces
  3641 | D:4      | Bought a scroll of identify for 20 gold pieces
  3641 | D:4      | Bought a scroll of teleportation for 30 gold pieces
  3966 | D:4      | Found an opulent altar of Gozag.
  4008 | D:4      | Found a staircase to the Ecumenical Temple.
  4040 | Temple   | Entered the Ecumenical Temple
  4151 | D:4      | Reached XP level 5. HP: 23/28 MP: 7/13
  4346 | D:4      | Found an ancient bone altar of Kikubaaqudgha.
  4645 | D:4      | Noticed Ijyb
  4792 | D:5      | Entered Level 5 of the Dungeon
  4794 | D:5      | Noticed Edmund
  5106 | D:4      | Killed Ijyb
  5315 | D:5      | Noticed an ogre
  5320 | D:5      | Reached XP level 6. HP: 32/32 MP: 5/14
  5771 | D:5      | Slain by an ufetubus

Illustrated notes

Levels and vault maps discovered:
D:1:      dpeg_arrival_lava_temple_mockup, layout_basic
D:2:      layout_loops_ring, st_stairs_3, kennysheep_flooded_box
D:3:      layout_basic, hangedman_decor_riveting, minmay_misc_feat_room
D:4:      kennysheep_goblin_castle, layout_cave_pods, grunt_gozag_breadcrumbs,
          mainiacjoe_overflow_paths, minmay_temple_entry_hall, serial_shops,
          nicolae_shop_back_alley_shop
D:5:      layout_layer_cave, hangedman_abyss_or_decor_slice, uniq_edmund,
          uniq_grinder
Temple:   regret_index_temple_generic_petals

Skill      XL: |  1  2  3  4  5  6 |
---------------+-------------------+-----
Conjurations   | 2 3 4 |  4.7
Air Magic      | 1 2 3 |  3.2
Alchemy        | 1 2 3 |  3.5
Dodging        | |  2.4
Stealth        | |  2.4
Spellcasting   | |  4.4
Summonings     | |  1.1
Translocations | |  1.1

Action                     |  1- 3 |  4- 6 || total
---------------------------+-------+-------++-------
  Melee: Dagger            |       |     1 ||     1
   Cast: Magic Dart        |   127 |    99 ||   226
         Blink             |     1 |     2 ||     3
         Call Imp          |     6 |     2 ||     8
         Slow              |     1 |       ||     1
         Mephitic Cloud    |       |     6 ||     6
    Use: Scroll            |       |     3 ||     3
 Armour: Robe              |    15 |    22 ||    37
  Dodge: Dodged            |    15 |    19 ||    34
